 Dungeon Crawl Stone Soup version 0.16.1-17-g773cdaf (webtiles) character file.

1178 jacksonaction the Changer (level 8, -3/48 HPs)
             Began as an Octopode Transmuter on Apr 21, 2015.
             Was a Follower of Cheibriados.
             Slain by an iguana (14 damage)
             ... on level 6 of the Dungeon.
             The game lasted 00:35:43 (6732 turns).

jacksonaction the Changer (Octopode Transmuter)     Turns: 6732, Time: 00:35:43

Health: -3/48      AC:  1    Str: 12    XL:     8   Next: 41%
Magic:  20/20      EV: 12    Int: 19    God:    Cheibriados [*.....]
Gold:   319        SH:  0    Dex: 14    Spells: 4 memorised, 2 levels left

rFire  . . .     SeeInvis .     A - +2 short sword of the Forsaken Mice {pierce, Stlth+}
rCold  . . .     Clarity  .     (no shield)
rNeg   . . .     SustAb   .     (helmet restricted)
rPois  .         Gourm    .     (no amulet)
rElec  .         Spirit   .     (no ring)
rCorr  .         Warding  .     (no ring)
rMut   .         Stasis   .     (no ring)
MR     .....                    (no ring)
Stlth  +++.......               (no ring)
                                (no ring)
                                (no ring)
                                (no ring)

@: very slow, not resistant to hostile enchantments, fairly stealthy
A: almost no armour, amphibious, 8 rings, constrict 8, camouflage 1, gelatinous
body 1
a: Bend Time, Renounce Religion


You were on level 6 of the Dungeon.
You worshipped Cheibriados.
Cheibriados was aware of your devotion.
You were not hungry.

You visited 2 branches of the dungeon, and saw 7 of its levels.

You collected 319 gold pieces.

Inventory:

Hand weapons
 A - the +2 short sword of the Forsaken Mice (weapon) {pierce, Stlth+}
   (You took it off an orc on level 4 of the Dungeon)

   It inflicts extra damage upon your enemies.
   It makes you more stealthy.
 F - the cursed +0 long sword of Memaz {antimagic, rN+ Dex+4, unknown}
   (You found it on level 5 of the Dungeon)

   It disrupts the flow of magical energy around spellcasters and certain
   magical creatures (including the wielder).
   It affects your dexterity (+4).
   It protects you from negative energy.
   It has a curse placed upon it.
Missiles
 g - 6 needles of paralysis
 w - 6 tomahawks
 J - 4 javelins (quivered)
Jewellery
 o - a cursed -2 ring of dexterity {unknown}
 p - an uncursed ring of teleport control {unknown}
 z - a cursed ring of teleportation {unknown}
 C - a +3 ring of strength {unknown}
 I - an uncursed ring of flight {unknown}
Magical devices
 D - a wand of frost (35)
 G - a wand of teleportation (2)
Scrolls
 b - a scroll of remove curse {unknown}
 e - 3 scrolls of blinking
 f - a scroll of immolation {unknown}
 i - 2 scrolls of fog
 m - a scroll of teleportation
 q - a scroll of recharging {unknown}
 t - 2 scrolls of amnesia
 v - 2 scrolls of magic mapping
 y - a scroll of identify
 H - a scroll of brand weapon {unknown}
Potions
 c - 2 potions of cancellation {unknown}
 k - a potion of invisibility {unknown}
 l - a potion of ambrosia {unknown}
 s - a potion of flight {unknown}
 u - 2 potions of curing
 x - a potion of heal wounds {unknown}
 B - 2 potions of agility {unknown}
Books
 d - a book of Changes

   Spells                             Type                      Level
   a - Beastly Appendage              Transmutation                1
   b - Sticks to Snakes               Transmutation                2
   c - Spider Form                    Transmutation/Poison         3
   d - Ice Form                       Ice/Transmutation            4
   e - Blade Hands                    Transmutation                5
 h - a book of the Dragon

   Spells                             Type                      Level
   a - Flight                         Charms/Air                   3
   b - Cause Fear                     Hexes                        4
   c - Bolt of Fire                   Conjuration/Fire             6
   d - Dragon Form                    Transmutation                7
   e - Dragon's Call                  Summoning                    9
Comestibles
 a - 4 bread rations
 j - 3 meat rations
 n - 2 chunks of flesh
 r - 2 slices of pizza
 E - 2 beef jerkies


   Skills:
 - Level 1.0 Fighting
 - Level 2.0 Dodging
 - Level 4.7 Unarmed Combat
 - Level 5.1 Spellcasting
 - Level 6.6 Transmutations
 - Level 0.2 Poison Magic
 + Level 3.7 Invocations


You had 2 spell levels left.
You knew the following spells:

 Your Spells              Type           Power        Failure   Level  Hunger
a - Beastly Appendage     Trmt           ####..       1%          1    None
b - Spider Form           Trmt/Pois      ###.......   12%         3    ##.....
c - Ice Form              Ice/Trmt       ###.....     34%         4    ####...
d - Dragon Form           Trmt           ####......   100%        7    #######


Dungeon Overview and Level Annotations

Branches:
Dungeon (6/15)             Temple (1/1) D:5

Altars:
Ashenzari
Cheibriados
Dithmenos
Elyvilon
Makhleb
Ru
Sif Muna
Vehumet

Shops:
D:4 [

Annotations:
D:3 SecretMage's ghost, average DsFi


Innate Abilities, Weirdness & Mutations

You cannot wear most types of armour.
You are amphibious.
You can wear up to eight rings at the same time.
You can use your tentacles to constrict many enemies at once.
Your skin changes colour to match your surroundings (Stealth).
Your rubbery body absorbs attacks (AC +1).


Message History

The giant frog is moderately wounded.
You constrict the giant frog. The giant frog barely misses you.
The giant frog hits you.
* * * LOW HITPOINT WARNING * * *
Drink which item? (? for menu, Esc to quit)
You feel better.
You constrict the giant frog. The giant frog hits you.
You puncture the giant frog!
The giant frog is almost dead.
You constrict the giant frog.
You kill the giant frog!
Cheibriados thoroughly appreciates the change of pace.
You hit the iguana but do no damage. Your grab misses the iguana.
You squeeze the iguana.
The iguana is lightly wounded.
The iguana bites you!
* * * LOW HITPOINT WARNING * * *
You barely miss the iguana. Your grab misses the iguana.
The iguana is lightly wounded.
The iguana barely misses you. The iguana bites you!
You die...

#<# #.##. #.# #.###
#.# #.# # #.# #.###
#.# #.# #.#.. #..
#.######## #.#.# #
..
##<.......####....
.. ..
#.................
##. #.
#@#####.#.####.#.#
.#...#.##l## #.#.#
#.#.#
........#ooo####.#.#
#.#.# #..#.[....#.#
##.#.# ####
#....######.###.....
#....###.#o##
#........#...
#..>.#.#
#.##.###.....
#.......# #
#.#....#.#
#..........#
#.#....#.#


You could see an orc warrior, an iguana, an orc priest and an orc.

Vanquished Creatures
  A water moccasin (D:5)
  A sky beast (D:5)
  An ogre (D:4)
  A giant frog (D:6)
  A scorpion (D:4)
  2 electric eels (D:6)
  A crimson imp (D:5)
  5 orc priests
  2 hounds (D:5)
  A giant frog skeleton (D:6)
  4 worker ants
  5 orc wizards
  A hound zombie (D:5)
  A hound skeleton (D:4)
  7 adders
  5 worms
  An adder skeleton (D:5)
  A giant gecko (D:3)
  An ooze (D:1)
  20 orcs
  5 giant cockroaches
  9 goblins
  13 hobgoblins
  4 jackals (D:4)
  12 kobolds
  A quokka (D:5)
  2 ball pythons
  10 bats
  8 giant newts
  11 rats
137 creatures vanquished.

Notes
Turn   | Place    | Note
--------------------------------------------------------------
     0 | D:1      | jacksonaction, the Octopode Transmuter, began the quest for the Orb.
     0 | D:1      | Reached XP level 1. HP: 13/13 MP: 3/3
   315 | D:1      | Reached XP level 2. HP: 16/18 MP: 2/4
   941 | D:1      | Reached skill level 4 in Unarmed Combat
  1058 | D:2      | Reached XP level 3. HP: 23/23 MP: 6/6
  1085 | D:2      | Learned a level 3 spell: Spider Form
  1106 | D:2      | Found a white marble altar of Elyvilon.
  1952 | D:3      | Noticed SecretMage's ghost (average DsFi)
  2015 | D:3      | Reached XP level 4. HP: 21/28 MP: 7/7
  2520 | D:3      | Found a deep blue altar of Sif Muna.
  2612 | D:3      | Reached XP level 5. HP: 27/33 MP: 9/9
  2663 | D:3      | Learned a level 4 spell: Ice Form
  2823 | D:4      | Found Thratzaa's Antique Armour Emporium.
  3033 | D:4      | Noticed an ogre
  3045 | D:4      | Killed an ogre
  3045 | D:4      | Reached skill level 5 in Transmutations
  3045 | D:4      | Reached XP level 6. HP: 38/38 MP: 7/10
  3292 | D:4      | Found a shattered altar of Ashenzari.
  3659 | D:4      | Reached skill level 6 in Transmutations
  4000 | D:4      | Reached XP level 7. HP: 43/43 MP: 12/12
  4216 | D:4      | Got a slimy short sword
  4217 | D:4      | Identified the +2 short sword of the Forsaken Mice {pierce, Stlth+} (You took it off an orc on level 4 of the Dungeon)
  4522 | D:4      | Found a radiant altar of Vehumet.
  4594 | D:5      | Entered Level 5 of the Dungeon
  4604 | D:5      | Got a brightly glowing long sword
  4629 | D:5      | Found a staircase to the Ecumenical Temple.
  4654 | Temple   | Entered the Ecumenical Temple
  4680 | Temple   | Became a worshipper of Cheibriados the Contemplative
  5205 | D:5      | HP: 2/43 [poisoned by a water moccasin]
  5741 | D:5      | Learned a level 7 spell: Dragon Form
  5821 | D:5      | Reached skill level 5 in Spellcasting
  5933 | D:5      | Reached XP level 8. HP: 13/48 MP: 20/20
  6263 | D:5      | Acquired Cheibriados' first power
  6515 | D:6      | Reached skill level 1 in Invocations
  6732 | D:6      | Slain by an iguana

Action                   |  1- 3 |  4- 6 |  7- 9 || total
-------------------------+-------+-------+-------++-------
Melee: Unarmed           |    71 |     8 |     9 ||    88
       Dagger            |       |    94 |    20 ||   114
       Short sword       |       |       |   102 ||   102
Throw: Stone             |     3 |       |       ||     3
       Tomahawk          |    20 |    68 |    15 ||   103
       Javelin           |     4 |     8 |    32 ||    44
 Cast: Beastly Appendage |     9 |       |       ||     9
       Spider Form       |       |     1 |     1 ||     2
  Use: Scroll            |       |       |     9 ||     9
       Potion            |       |       |     3 ||     3
 Stab: Sleeping          |     2 |     3 |     4 ||     9
  Eat: Chunk             |     4 |     6 |     8 ||    18
